 Dungeon Crawl Stone Soup version 0.23.2-1-ga50397a (webtiles) character file.

Game seed: 2666495854974747487

395 ishmael the Skirmisher (level 6, -9/49 HPs)
             Began as a Demonspawn Abyssal Knight on June 2, 2019.
             Was a Believer of Lugonu.
             Killed by divine providence
             ... invoked by an orc priest
              (11 damage)
             ... on level 4 of the Dungeon.
             The game lasted 00:12:30 (5170 turns).

ishmael the Skirmisher (Demonspawn Abyssal Knight)  Turns: 5170, Time: 00:12:31

Health: -9/49      AC:  5    Str: 15    XL:     6   Next: 52%
Magic:  7/9        EV: 11    Int: 13    God:    Lugonu [**....]
Gold:   137        SH:  0    Dex: 12    Spells: 5/5 levels left

rFire    . . .     SeeInvis .   a - +1 hand axe
rCold    . . .     Gourm    .   (no shield)
rNeg     . . .     Faith    .   b - +0 leather armour
rPois    .         Spirit   .   m - +0 helmet
rElec    .         Reflect  .   (no cloak)
rCorr    .         Harm     .   (no gloves)
MR       +....                  p - +0 pair of boots
Stlth    +.........             (no amulet)
HPRegen  0.16/turn              n - ring of flight
MPRegen  0.11/turn              q - ring of protection from magic

@: no status effects
A: claws 1, demonic guardian 1, rot immunity
a: Depart the Abyss, Bend Space, Renounce Religion, Evoke Flight


You were on level 4 of the Dungeon.
You worshipped Lugonu.
Lugonu was pleased with you.
You were not hungry.

You visited 1 branch of the dungeon, and saw 4 of its levels.
You visited the Abyss 1 time.

You collected 137 gold pieces.

Inventory:

Hand Weapons
 a - a +1 hand axe (weapon)
 f - a +2 short sword of draining
Armour
 b - a +0 leather armour (worn)
 m - a +0 helmet (worn)
 p - a +0 pair of boots (worn)
Jewellery
 n - a ring of flight (left claw)
 q - a ring of protection from magic (right claw)
Wands
 t - a wand of flame (11)
Scrolls
 g - a scroll of fear {unknown}
 l - 3 scrolls of remove curse {unknown}
 o - a scroll of teleportation {unknown}
 r - a scroll of random uselessness {unknown}
 s - a scroll of identify {unknown}
 v - 2 scrolls of magic mapping {unknown}
Potions
 e - a potion of lignification {unknown}
 h - 2 potions of invisibility {unknown}
 i - 3 potions of heal wounds {unknown}
 j - 2 potions of brilliance {unknown}
 k - 4 potions of curing {unknown}
 u - a potion of experience {unknown}
Comestibles
 c - 7 rations


   Skills:
 + Level 4.6 Fighting
 + Level 3.6 Axes
 + Level 3.6 Armour
 - Level 0.8 Dodging
 + Level 4.1 Invocations


You had 5 spell levels left.
You didn't know any spells.
Your spell library was empty.

Dungeon Overview and Level Annotations

Branches:
Dungeon (4/15)
 Temple: D:4-7

Altars:
Makhleb
Ru
The Shining One

Annotations:
D:3 2 transporters, YoVRotEtogoKazino's ghost, amateur GrBe


Innate Abilities, Weirdness & Mutations

You have sharp fingernails.
A weak demonic guardian rushes to your aid.
You are immune to rotting.


Message History

The orc priest invokes the aid of Beogh against you.
Beogh smites you! The orc hits you with a +0 flail.
* * * LOW HITPOINT WARNING * * *
The orc priest hits you but does no damage.
You closely miss the orc priest. You hit the orc.
The orc hits you with a +0 flail.
* * * LOW HITPOINT WARNING * * *
The orc priest hits you with a +0 club.
* * * LOW HITPOINT WARNING * * *
Space bends around you!
You blink.
Space bends around you!
You blink.
Space bends around you!
You blink.
It was a potion of cancellation.
You feel magically purged. The orc hits you but does no damage.
Your shadow imp gestures at the orc priest.
The orc priest writhes in agony!
The orc priest calls down the wrath of Beogh upon you.
Beogh smites you!
You die...

#.# #...... #.#
###..## #.#####
#..#
######.#...###..#
#.5†o5..###.##..#
#o####.##
##....## #.# #.#
#.....o #o# #.##
##....o. #@#
##.###.#.#### #.#
##...#...### #.#
##......... #.#
####...### #.#
##.##
#.###########.#
#.##...†......#
#....##########
####.#


You could see an orc priest, an orc and a friendly shadow imp.

Vanquished Creatures
  Sigmund (D:3)
  An ogre (D:4)
  A bullfrog skeleton (D:4)
  A worker ant (D:4)
  Robin (D:2)
  3 adders
  3 worms
  3 dart slugs
  4 leopard geckos
  An orc (D:4)
  4 giant cockroaches
  6 goblins
  6 hobgoblins
  6 jackals
  2 quokkas
  4 ball pythons
  5 bats
  6 frilled lizards
  3 kobolds
  3 rats
64 creatures vanquished.

Vanquished Creatures (collateral kills)
  A bullfrog (D:2)
  A hound (D:4)
  3 goblins (D:2)
  3 hobgoblins (D:2)
  A bat (D:2)
  A frilled lizard (D:4)
10 creatures vanquished.

Grand Total: 74 creatures vanquished

Notes
Turn   | Place    | Note
-------+----------+-------------------------------------------
     0 | Abyss:1  | ishmael the Demonspawn Abyssal Knight began the quest for
                  | the Orb.
     0 | Abyss:1  | Reached XP level 1. HP: 18/18 MP: 2/2
    43 | D:1      | Escaped the Abyss
   797 | D:1      | Gained mutation: A weak demonic guardian rushes to your
                  | aid. [demonic ancestry]
   797 | D:1      | Reached XP level 2. HP: 18/24 MP: 3/3
  1906 | D:2      | Noticed a bullfrog
  1913 | D:2      | Killed a bullfrog
  1913 | D:2      | Gained mutation: You are immune to rotting. [demonic
                  | ancestry]
  1913 | D:2      | Reached XP level 3. HP: 5/30 MP: 4/4
  2215 | D:2      | Gained mutation: You have sharp fingernails. [demonic
                  | ancestry]
  2215 | D:2      | Reached XP level 4. HP: 33/37 MP: 5/5
  2265 | D:2      | Noticed Robin
  2308 | D:2      | Killed Robin
  2308 | D:2      | Reached ** piety under Lugonu
  2591 | D:2      | Found a burning altar of Makhleb.
  3554 | D:3      | Reached XP level 5. HP: 26/42 MP: 7/7
  3690 | D:3      | Found a transporter.
  3691 | D:3      | Noticed YoVRotEtogoKazino's ghost (amateur GrBe)
  3965 | D:3      | Found a transporter.
  4023 | D:3      | Noticed Sigmund
  4033 | D:3      | Killed Sigmund
  4495 | D:3      | Found a glowing golden altar of the Shining One.
  4564 | D:3      | Found a sacrificial altar of Ru.
  4653 | D:4      | Reached XP level 6. HP: 33/49 MP: 8/8
  5170 | D:4      | Killed from afar by an orc priest

Skill      XL: |  1  2  3  4  5  6 |
---------------+-------------------+-----
Axes           | 2 3 |  3.6
Armour         | 2 3 |  3.6
Fighting       | 4 |  4.6
Invocations    | 3 4 |  4.1
Dodging        | |  0.8

Action                   |  1- 3 |  4- 6 || total
-------------------------+-------+-------++-------
Melee: Hand axe          |    85 |   201 ||   286
Invok: Bend Space        |       |     3 ||     3
  Use: Scroll            |     1 |       ||     1
       Potion            |       |     1 ||     1
 Stab: Distracted        |       |     1 ||     1
  Eat: Chunk             |     4 |     7 ||    11
       Ration            |       |     1 ||     1
Armor: Leather armour    |    27 |    56 ||    83
Dodge: Dodged            |    55 |   116 ||   171
